Cogmind - Beta 10.2 @@@ ROGUE MODE // 2021.07.24 @ 18:40:04 Player: Plexion Result: Destroyed by as-39620 with Assembled Maul Performance ------------- Evolutions (1) 500 Regions Visited (5) 1000 Robots Destroyed (15) 75 Value Destroyed (465) 465 Prototype IDs (23) 460 Alien Tech Used (0) 0 Bonus (308) 308 TOTAL SCORE: 2808 Bonus ------- Follower Combat Kills 53 Aligned with FarCom 300 Friendly Fire -45 Cogmind --------- Core Integrity 0/400 Matter 248/300 Energy 100/100 System Corruption 0% Temperature Cool (0) Movement Core (550) Ox10 Location -9/Exiles Parts ------- > --- POWER (1) -------- (None) > --- PROPULSION (2) --- (None) > --- UTILITY (4) ------ High-capacity Storage Unit > --- WEAPON (2) ------- (None) > --- INVENTORY (12) --- Rocket Launcher Peak State ------------ > --- POWER ------------ Improved Ion Engine > --- PROPULSION ------- Light Treads Improved Treads > --- UTILITY ---------- High-capacity Storage Unit High-capacity Storage Unit Hardened Light Armor Plating Hardened Light Armor Plating > --- WEAPON ----------- Heavy Assault Rifle Rocket Launcher > --- INVENTORY -------- Light Ion Engine Reinforced Deuterium Engine Light Fission Core Light Treads Light Treads Light Treads Light Treads Light Armor Plating Light Armor Plating Hardened Light Armor Plating Hardened Light Armor Plating Improved Light Armor Plating EM Shotgun Assault Rifle Light Assault Rifle Light Assault Rifle Light Assault Rifle Rocket Launcher [Rating: 18] Favorites ----------- Power Improved Ion Engine Engine Improved Ion Engine Propulsion Light Treads Treads Light Treads Utility High-capacity Storage Unit Device Heat Sink Storage High-capacity Storage Unit Protection Hardened Light Armor Plating Weapon Assault Rifle Energy Gun EM Shotgun Ballistic Gun Assault Rifle Launcher Rocket Launcher Build | -11 -10 -10 -9 -9 -9 ------- Run | Scr Mat Min Mat Min Exi Slots Evolved 2 | . . . 2 . . Power . | . . . . . . Propulsion . | . . . . . . Utility 2 | . . . 2 . . Weapon . | . . . . . . Parts Attached 46 | 6 5 2 12 1 20 Power 4 | 1 . . 2 . 1 Engine 4 | 1 . . 2 . 1 Core . | . . . . . . Reactor . | . . . . . . Propulsion 9 | 2 . . 3 . 4 Treads 9 | 2 . . 3 . 4 Leg . | . . . . . . Wheel . | . . . . . . Hover . | . . . . . . Flight . | . . . . . . Utility 16 | 1 3 . 5 . 7 Device 2 | . 1 . 1 . . Storage 3 | 1 2 . . . . Processor . | . . . . . . Hackware . | . . . . . . Protection 11 | . . . 4 . 7 Artifact . | . . . . . . Weapon 17 | 2 2 2 2 1 8 Energy Gun 2 | . . . . . 2 Energy Cannon . | . . . . . . Ballistic Gun 11 | 2 1 1 1 . 6 Ballistic Cannon . | . . . . . . Launcher 4 | . 1 1 1 1 . Special Weapon . | . . . . . . Impact Weapon . | . . . . . . Slashing Weapon . | . . . . . . Piercing Weapon . | . . . . . . Special Melee Weapon . | . . . . . . Unidentified Prototypes . | . . . . . . Parts Lost 22 | . . . 1 1 20 Power 2 | . . . . . 2 Propulsion 6 | . . . 1 . 5 Utility 7 | . . . . . 7 Weapon 7 | . . . . 1 6 Highest Loss Streak 16 | . . . 1 1 16 Average Slot Usage (%) 94 | . 97 100 99 93 90 Engine 10 | . 14 14 11 11 9 Treads 22 | . 28 28 22 22 21 Storage 21 | . 21 28 22 22 19 Protection 17 | . . . 20 22 22 Ballistic Gun 14 | . 27 28 22 5 7 Launcher 5 | . . . . 9 8 Naked Turns . | . . . . . . Heaviest Build 88 | 11 71 71 85 87 88 Greatest Support 43 | 40 40 40 43 43 43 Greatest Overweight (x) 2 | . 1 1 2 2 2 Average Overweight (x) 1 | . . 1 1 1 1 Largest Inventory Capacity 20 | 6 20 20 20 20 20 Average Capacity 18 | 5 13 20 20 20 18 Most Carried 20 | 2 9 10 20 20 20 Average Carried 14 | 1 7 9 16 20 15 Final Capacity 20 | 6 20 20 20 20 12 Final Carried 20 | 2 9 10 20 20 1 Class Distribution -------------------- 82% | Hauler-Mutant 17% | Mutant Dominant Class ---------------- Hauler-Mutant | -10/Materials Hauler-Mutant | -10/Mines Hauler-Mutant | -9/Materials Hauler-Mutant | -9/Mines Hauler-Mutant | -9/Exiles Resources | -11 -10 -10 -9 -9 -9 ----------- Run | Scr Mat Min Mat Min Exi Matter Collected 1051 | 241 51 84 271 205 199 Remotely . | . . . . . . Salvage Created 627 | . 214 67 310 36 . Parts 29 | . 10 3 15 1 . Haulers Intercepted 1 | . . . 1 . . Recyclers Shooed 1 | . 1 . . . . Parts Field Recycled . | . . . . . . Retrieved Matter . | . . . . . . Parts Self-Destructed . | . . . . . . Prevented . | . . . . . . Kills | -11 -10 -10 -9 -9 -9 ------- Run | Scr Mat Min Mat Min Exi Combat Hostiles Destroyed 23 | . 4 3 5 10 1 Guns 8 | . 2 1 5 . . AOE 15 | . 2 2 . 10 1 Classes Destroyed 7 | . 2 1 2 2 . Builder 1 | . . . . 1 . Hauler 1 | . . . 1 . . Recycler 1 | . 1 . . . . Swarmer 2 | . . 2 . . . Grunt 7 | . 4 1 2 . . Sentry 3 | . . . 3 . . Assembled 11 | . . . . 10 1 Best Kill Streak 6 | . 3 2 2 6 1 Combat Bots Only 6 | . 2 2 2 6 1 Max Kills in Single Turn 2 | . 1 2 2 2 1 Gunslinging 1 | . . . 1 . . Exploded 2 | . 1 2 . 2 1 Melee . | . . . . . . Uniques/NPCs Destroyed . | . . . . . . Combat | -11 -10 -10 -9 -9 -9 -------- Run | Scr Mat Min Mat Min Exi Damage Taken 3306 | . 318 140 163 346 2339 Core 520 | . 95 . 18 . 407 Absorbed by Shields . | . . . . . . Core Remaining (%) 81 | 100 . 62 . . . Volleys Fired 138 | . 17 3 13 18 87 Largest 2 | . 2 2 2 2 2 Hottest 68 | . 40 40 40 40 68 Shots Fired 218 | . 32 5 26 19 136 Gun 194 | . 30 4 26 2 132 Cannon . | . . . . . . Launcher 24 | . 2 1 . 17 4 Special . | . . . . . . Kinetic 176 | . 30 4 26 2 114 Thermal . | . . . . . . Explosive 24 | . 2 1 . 17 4 Electromagnetic 18 | . . . . . 18 Robot Hit Streak 18 | . 5 3 6 3 18 Robot Miss Streak 4 | . 2 1 2 4 3 Penetration Max . | . . . . . . Secondary Targets 3 | . 1 1 1 . . Max Gunslinging Chain 1 | . 1 1 1 . . Shots Hit Robots 155 | . 20 3 19 6 107 Core Hits 71 | . 12 4 9 19 27 Critical Hits . | . . . . . . Critical Kills . | . . . . . . Critical Parts Destroyed . | . . . . . . Melee Attacks . | . . . . . . Impact . | . . . . . . Slashing . | . . . . . . Piercing . | . . . . . . Sneak Attacks . | . . . . . . Combat Hostiles . | . . . . . . Follow-up Attacks . | . . . . . . Damage Inflicted 2522 | . 414 158 241 784 925 Guns 1305 | . 281 23 232 10 759 Cannons . | . . . . . . Explosions 1165 | . 133 135 . 774 123 Melee . | . . . . . . Ramming 52 | . . . 9 . 43 Kinetic 1305 | . 281 23 232 10 759 Thermal . | . . . . . . Explosive 1165 | . 133 135 . 774 123 Electromagnetic . | . . . . . . Impact . | . . . . . . Slashing . | . . . . . . Piercing . | . . . . . . Highest Corruption 1 | . 1 1 . . . Average Corruption 1 | . 1 1 . . . Corruption Purged . | . . . . . . Effects 5 | . 3 2 . . . Energy Discharges 4 | . 2 2 . . . Data Loss (minor) 1 | . 1 . . . . Overload Shots . | . . . . . . Overflow Damage 18 | . . . . 18 . Projectiles . | . . . . . . Explosions 18 | . . . . 18 . Melee . | . . . . . . Knockbacks 1 | . . . . . 1 Impact 1 | . . . . . 1 Kinetic . | . . . . . . Secondary . | . . . . . . Self-Inflicted Damage 293 | . 9 57 . 194 33 Shots 8 | . 1 1 . 5 1 Rammed 19 | . . . 1 . 18 Targets Rammed 19 | . . . 1 . 18 Kicked . | . . . . . . Crushed . | . . . . . . Highest Temperature 402 | . 11 2 15 64 402 Average Temperature 113 | . 3 2 6 21 157 Received Heat Transfer 207 | . 156 18 33 . . Effects 1 | . . . . . 1 Interference 1 | . . . . . 1 Siege Activations . | . . . . . . Robots Corrupted . | . . . . . . Combat Hostiles . | . . . . . . Parts Fried . | . . . . . . Impact Corruptions . | . . . . . . Robots Melted . | . . . . . . Combat Hostiles . | . . . . . . Parts Melted . | . . . . . . Heat Transferred . | . . . . . . Parts Sabotaged . | . . . . . . Parts Stolen . | . . . . . . Parts Stripped . | . . . . . . Power Chain Reactions . | . . . . . . Missiles Intercepted . | . . . . . . Alert | -11 -10 -10 -9 -9 -9 ------- Run | Scr Mat Min Mat Min Exi Peak Influence 286 | . 126 154 286 69 . Initial 69 | . . . 59 69 . Average 87 | . 59 46 162 46 . Maximum Alert Level 1 | . . . 1 . . Low Security (%) 89 | 100 100 100 70 100 . Level 1 10 | . . . 29 . . Level 2 . | . . . . . . Level 3 . | . . . . . . Level 4 . | . . . . . . Level 5 . | . . . . . . High Security . | . . . . . . Max Security . | . . . . . . Squads Dispatched 1 | . . . 1 . . Investigation . | . . . . . . Extermination . | . . . . . . Reinforcement 1 | . . . 1 . . Assault . | . . . . . . Garrison . | . . . . . . Intercept . | . . . . . . Construction Impeded . | . . . . . . Haulers Reinforced . | . . . . . . Stealth | -11 -10 -10 -9 -9 -9 --------- Run | Scr Mat Min Mat Min Exi Distress Signals 4 | . 1 . 3 . . Communications Jammed . | . . . . . . Distress Signals . | . . . . . . Times Spotted 51 | . 10 5 16 14 6 Peak Tracking Total 10 | . 4 3 3 9 10 Tactical Retreats 3 | . . . . 2 1 Traps | -11 -10 -10 -9 -9 -9 ------- Run | Scr Mat Min Mat Min Exi Traps Triggered 2 | . 1 . 1 . . Indirectly . | . . . . . . Trap Hack Attempts . | . . . . . . Triggered . | . . . . . . Disarmed . | . . . . . . Reprogrammed . | . . . . . . Reused . | . . . . . . Traps Extracted . | . . . . . . Installed . | . . . . . . Triggered . | . . . . . . Exploded 3 | . . . . . 3 Machines | -11 -10 -10 -9 -9 -9 ---------- Run | Scr Mat Min Mat Min Exi Machines Disabled 5 | . 1 . 1 . 3 Max in Single Turn 1 | . 1 . . . 1 Machines Sabotaged . | . . . . . . Garrisons Compromised . | . . . . . . Overloaded Fab Kills . | . . . . . . Fab Network Shutdowns . | . . . . . . Hacking | -11 -10 -10 -9 -9 -9 --------- Run | Scr Mat Min Mat Min Exi Machines Accessed 5 | . 1 . 2 . 2 Terminals 3 | . 1 . 2 . . Fabricators . | . . . . . . Repair Stations . | . . . . . . Recycling Units . | . . . . . . Scanalyzers . | . . . . . . Garrison Access . | . . . . . . Total Hacks 11 | . 5 . 4 . 2 Successful 6 | . 1 . 3 . 2 Failed 5 | . 4 . 1 . . Catastrophic . | . . . . . . Database Lockouts . | . . . . . . Manual 10 | . 5 . 4 . 1 Terminals 9 | . 5 . 4 . . Fabricators . | . . . . . . Repair Stations . | . . . . . . Recycling Units . | . . . . . . Scanalyzers . | . . . . . . Garrison Access . | . . . . . . Terminal Hacks 4 | . 1 . 1 . 2 Record 1 | . . . . . 1 Robot Analysis 1 | . 1 . . . . Alert Level 1 | . . . 1 . . EX-Prototype ID Bank 1 | . . . . . 1 Fabricator Hacks . | . . . . . . Repair Station Hacks . | . . . . . . Recycling Unit Hacks . | . . . . . . Scanalyzer . | . . . . . . Garrison Access Hacks . | . . . . . . Unauthorized Hacks 2 | . . . 2 . . Terminals 2 | . . . 2 . . Track 2 | . . . 2 . . Fabricators . | . . . . . . Repair Stations . | . . . . . . Recycling Units . | . . . . . . Scanalyzers . | . . . . . . Garrison Access . | . . . . . . Data Cores Recovered . | . . . . . . Used . | . . . . . . Hacking Detections 3 | . 1 . 2 . . Full Trace Events . | . . . . . . Feedback Events . | . . . . . . Feedback Blocked . | . . . . . . Robot Schematics Acquired . | . . . . . . Robots Built . | . . . . . . Matter . | . . . . . . Time . | . . . . . . Total Robot Build Rating . | . . . . . . Part Schematics Acquired . | . . . . . . Parts Built . | . . . . . . Matter . | . . . . . . Time . | . . . . . . Total Part Build Rating . | . . . . . . Parts Repaired . | . . . . . . Time . | . . . . . . Parts Recycled . | . . . . . . Recycled Matter . | . . . . . . Retrieved Matter . | . . . . . . Retrieved Components . | . . . . . . Parts Scanalyzed . | . . . . . . Part Schematics Acquired . | . . . . . . Parts Damaged . | . . . . . . Bothacking | -11 -10 -10 -9 -9 -9 ------------ Run | Scr Mat Min Mat Min Exi Used RIF Installer . | . . . . . . Robots Hacked . | . . . . . . Non-combat . | . . . . . . Combat . | . . . . . . Robot Hacks Applied . | . . . . . . Relay Couplers Released . | . . . . . . Robots Rewired . | . . . . . . Allies Hacked . | . . . . . . Hacks Repelled . | . . . . . . Allies | -11 -10 -10 -9 -9 -9 -------- Run | Scr Mat Min Mat Min Exi Total Allies 3 | . . 3 . . . Largest Group 3 | . . 3 3 2 . Highest-Rated Group 40 | . . 40 40 24 . Highest-Rated Ally 16 | . . 16 16 16 . Total Orders . | . . . . . . Ally Attacks 46 | . . 7 36 3 . Total Damage 454 | . . 111 328 15 . Kills 8 | . . 2 6 . . Allies Corrupted . | . . . . . . Allies Melted . | . . . . . . Intel | -11 -10 -10 -9 -9 -9 ------- Run | Scr Mat Min Mat Min Exi Robot Analysis Total 1 | . 1 . . . . Derelict Logs Recovered 3 | . . 2 . 1 . Drone Launches . | . . . . . . Drone Recoveries . | . . . . . . Exploration | -11 -10 -10 -9 -9 -9 ------------- Run | Scr Mat Min Mat Min Exi Turns Passed 3354 | 64 444 272 601 385 1588 Spaces Moved 1536 | 36 223 145 290 182 660 Core 3 | 3 . . . . . Treads 1533 | 33 223 145 290 182 660 Legs . | . . . . . . Wheels . | . . . . . . Hover . | . . . . . . Flight . | . . . . . . Fastest Speed 50 | 50 160 180 180 180 160 Average Speed 183 | 150 171 180 183 185 189 Slowest Speed 200 | 160 180 180 200 200 200 Overloaded Moves . | . . . . . . Propulsion Burnouts . | . . . . . . Robots Hopped . | . . . . . . Cave-ins Triggered . | . . . . . . Exploration Rate (%) 41 | 4 55 35 35 48 69 Regions Visited 5 Branch Regions 3 Pre-discovered Areas 2 | . . . . 1 1 Known Exits Taken . | . . . . . . Unknown Exits Taken 5 | 1 1 1 1 1 . Scrap Searched 2 | . . 1 . 1 . Spaces Dug 43 | . . 16 . 27 . Terrain Destroyed 160 | . 2 16 . 118 24 Melee . | . . . . . . Projectile . | . . . . . . AOE 160 | . 2 16 . 118 24 Terrain Rammed . | . . . . . . Walls Destroyed . | . . . . . . Machines Disabled . | . . . . . . Actions | -11 -10 -10 -9 -9 -9 --------- Run | Scr Mat Min Mat Min Exi Total 1831 | 43 254 150 332 211 841 Wait 46 | . . . . 9 37 Move 1531 | 35 222 144 289 181 660 Hop . | . . . . . . Pick Up 28 | 2 7 1 11 1 6 Fast Attach 9 | 6 2 . 1 . . Attach 17 | . . . 3 . 14 Detach 3 | . 1 . 1 . 1 Swap 20 | . 3 2 8 1 6 Drop 20 | . 2 . 5 1 12 Fire 138 | . 17 3 13 18 87 Melee . | . . . . . . Ram 8 | . . . . . 8 Kick . | . . . . . . Crush 11 | . . . 1 . 10 Escape Stasis . | . . . . . . Rewire . | . . . . . . Trap . | . . . . . . Miscellaneous . | . . . . . . Route ------- -11/Scrapyard -10/Materials (discovered 2 exits: [*Min x2]) -10/Mines -9/Materials (discovered 3 exits: [*Mat x2] / [*Min]) -9/Mines (discovered 2 exits: [*Mat] / *Exi) -9/Exiles (discovered 1 exit: [*Min]) History --------- Turn | Location | Event 11 | -11/Scrapyard | Discovered new exit (range 15) 65 | -11/Scrapyard | Entered Materials 239 | -10/Materials | Discovered new exit (range 14) 492 | -10/Materials | Discovered new exit (range 7) 509 | -10/Materials | Entered Mines 522 | -10/Mines | Learned Materials stockpile data 544 | -10/Mines | Assisted by bots powering up and referring to "LRC-V3" 558 | -10/Mines | Build established: Hauler-Mutant 584 | -10/Mines | Met a Derelict bent on vengeance 704 | -10/Mines | Discovered new exit (range 14) 781 | -10/Mines | Entered Materials 781 | -9/Materials | Accompanied by 3 allies 781 | -9/Materials | Evolved 2 slots: Utility x2 949 | -9/Materials | Discovered new exit (range 4) 1105 | -9/Materials | Discovered new exit (range 12) 1241 | -9/Materials | Discovered new exit (range 3) 1382 | -9/Materials | Entered Mines 1382 | -9/Mines | Accompanied by 2 allies 1383 | -9/Mines | Assembled infested the area 1400 | -9/Mines | Discovered new exit (range 5) 1498 | -9/Mines | Learned location of Zion (-6) 1760 | -9/Mines | Deemed a non-threat by the Exiles lab entrance 1760 | -9/Mines | Discovered new exit (range 5) 1767 | -9/Mines | Entered Exiles 1812 | -9/Exiles | Met 8R-AWN 1841 | -9/Exiles | Met EX-HEX 1929 | -9/Exiles | Met EX-DEC 2012 | -9/Exiles | Discovered new exit (range 14) 2110 | -9/Exiles | Met EX-BIN 2132 | -9/Exiles | Aligned with FarCom system 2134 | -9/Exiles | Given EX-Vault access code 2181 | -9/Exiles | Opened EX-Vault 2218 | -9/Exiles | Warned to stay clear of 0b10 Research branches 2982 | -9/Exiles | Attacked by the Exiles 3143 | -9/Exiles | Lost 3 parts (1p2w) 3224 | -9/Exiles | Core integrity fell below 50% 3326 | -9/Exiles | Build established: Mutant 3343 | -9/Exiles | Core integrity fell below 20% 3355 | -9/Exiles | Destroyed by as-39620 with Assembled Maul Last Messages --------------- 03334_ HV Slug penetrates Wall. 03337_ Slammed into 8R-AWN. 03338_ Penetrated by HV Slug. 03338_ Critical hit. 03338_ Lgt. Armor Plating destroyed. 03338_ HV Slug penetrates Wall. 03338_ Penetrated by HV Slug. 03338_ HV Slug penetrates Wall. 03342_ Penetrated by HV Slug. 03342_ HV Slug penetrates Wall. 03342_ HV Slug penetrates Machine. 03342_ Machine disabled. 03343_ Slammed into 8R-AWN. 03347_ Penetrated by HV Slug. 03348_ Slammed into 8R-AWN. 03351_ Penetrated by HV Slug. 03351_ HV Slug penetrates Wall. 03351_ Penetrated by HV Slug. 03351_ HV Slug penetrates Wall. 03354_ Slammed into 8R-AWN. Map ----- +----------------------------------------------------+ | ???????????????????????????????????????#" | | ???????????????????????????????????????#" ## | | ???????????????????????????????????????#""""""?# | | ???????????????????????????????????????##"###??# | | ???????????????????????????????????????????????# | | ???????????????????????????????????????????????# | | ??????????????????????????????????????????????## | | ?????????????#######?????????????????????????#" | | #"#####??????#!!! "#?????????????????????????#" | | #""##?????# "#?????????????????????????#" | | ! #?????# "#?????????????????????????#" | | ![ ##???## ""#????????????##???????????#" | | ##### ""#???????????? """????????#" | | ##" ""#????????????" """#???????## | | # """ #??????????????" ?????????# | | #"## #?###?????????"" ?????????#" | | ##?#### ### ##????????"" "#????????#" | | ??????### " ###?????? ""?????????#" | | ########" #???????" "?????????##" | | # !!"""""! ###???????# #????????##"" | | #! #####???### ###?######"" | | #! =] # """#####X# #"###""""""" | | #! !!## # % """""" " "" | | # ! " #""### "" """ " | | ##"#####"" #?## ## a % " " | | ?#?????# ##????#### @ % | | ??????? # # ????????#;; %g | | ??????#? ?#??????# ### | | ???????? ????????###??## | | ???????# #??????????????##" | | ??????? #????????????????#"" """"" | | ??????? ????????????????##" ###### | | ??????? ????????????????#"" ""##????# | | ?????? #????????????????#""" """##?????? | | ?????? ????????????????#""" """##??????? | | ?????? ????????????????#""" ""#???????? | | ???????????????????????#"" ########?? | | ???????????????????????#""" ## ### | | ???????????????????????#"" "" | | ???????????????????????##"" | | ????????????????????????#"""" | | ?????????????????????????# | | ?????????????????????????#" " | | ?????????????????????????#"""" ""## | | ?????????????????????????#"" ""#### | | ??????????????????????????" """"##??# | | ??????????????????????????""" """#??## | | ??????????????????????????? ""##??#! | | ???????????????????????????"" """##???#" | | ????????????????????????????""" #?????#" | +----------------------------------------------------+ Best States ------------- Heat Dissipation 38 Energy Generation 12 Energy Capacity 265 Matter Stores 300 Matter Capacity 300 Sight Range 16 Terrain Scan Density 10 Armor Coverage 450 Evasion (%) 40 Recoil Reduction 2 Item Schematics ----------------- None Robot Schematics ------------------ None Fabricated ------------ Nothing Alien Tech Used ----------------- None Achievements -------------- None Challenges ------------ None Game ------ Seed PulseMissileAutogun Manual? 0 Play Time 00:22:20 Cumulative 203.5 hours Start 2021.07.24 @ 18:05:30 End 2021.07.24 @ 18:40:04 Sessions 1 Manual Loads 0 Difficulty Rogue Special Mode None Game No. 265 Rogue 178 Adventurer 87 Explorer 0 Win Type - Total 4 Types 3/0/0/1/0/0/0/0/0 Lore% 69 Gallery% 77 Achievement% 62 Wizard Run 0 Options --------- ASCII 0 Keyboard 1 Movement Numpad Keybinds 0 Fullscreen 1 Font 18/Smallcaps Map View 76x50 Tactical HUD 1 Map Filters NONE Filters NONE Steam 1 RUN: c10891e6-0237-443d-81c4-efee5499d6c0